 Dungeon Crawl Stone Soup version 0.24.0-37-gcf1ca852f1 (webtiles) character file.

Game seed: 16886603882173107491, levelgen mode: deterministic

14736 MJtheKandyman the Fighter (level 11, -4/104 HPs)
             Began as a Pale Draconian Conjurer on Nov 23, 2019.
             Was an Elder of Vehumet.
             Slain by a wolf (10 damage)
             ... led by Grum
             ... on level 9 of the Dungeon.
             The game lasted 01:57:25 (23072 turns).

MJtheKandyman the Fighter (DrCj)                   Turns: 23072, Time: 01:57:26

Health: -4/104     AC:  7    Str: 16      XL:     11   Next: 92%
Magic:  17/25      EV: 12    Int: 15 (18) God:    Vehumet [****..]
Gold:   577        SH:  0    Dex: 12      Spells: 13/31 levels left

rFire    . . .     SeeInvis +   J - staff of energy
rCold    . . .     Gourm    .   (no shield)
rNeg     + . .     Faith    .   (armour unavailable)
rPois    .         Spirit   .   (helmet restricted)
rElec    .         Reflect  .   (no cloak)
rCorr    .         Harm     .   (no gloves)
MR       +++..     Clarity  +   (no boots)
Stlth    ++........             M - amulet of the Four Winds {rN+ MR+++ Clar}
HPRegen  0.27/turn              n - +5 ring of strength
MPRegen  0.19/turn              z - ring of see invisible

@: about to teleport
A: breathe steam, unfitting armour, cold-blooded, AC +7
a: Breathe Steam, Renounce Religion


You were on level 9 of the Dungeon.
You worshipped Vehumet.
Vehumet was greatly pleased with you.
You were not hungry.

You visited 3 branches of the dungeon, and saw 14 of its levels.
You also visited: Ossuary.

You collected 577 gold pieces.

Inventory:

Hand Weapons
 b - a +0 hunting sling
 D - a +5 dagger of venom
Missiles
 d - 255 stones (quivered)
 l - 5 curare-tipped darts
 s - 16 boomerangs
 u - 12 poisoned darts
 L - 2 throwing nets
Armour
 E - a +0 large shield
Magical Staves
 J - an uncursed staff of energy (weapon)
Jewellery
 a - an uncursed ring of stealth {unknown}
 n - a +5 ring of strength (left hand)
 t - an uncursed amulet of guardian spirit
 z - a ring of see invisible (right hand)
 C - the cursed necklace of Bloodlust {*Rage +Rage MR++ Int-3 Slay+6 *Curse}
   (You found it on level 5 of the Dungeon)

   [amulet of rage]

   It affects your intelligence (-3).
   It affects your accuracy and damage with ranged weapons and melee attacks
   (+6).
   It affects your resistance to hostile enchantments.
   It lets you go berserk.
   It may make you go berserk in combat.
   It curses itself when equipped.
   It has a curse placed upon it.
 G - an uncursed ring of protection from cold
 K - an uncursed ring of flight
 M - the amulet of the Four Winds (around neck) {rN+ MR+++ Clar}
   (You found it on level 8 of the Dungeon)

   [amulet of nothing]

   It protects you from negative energy.
   It affects your resistance to hostile enchantments.
   It protects you against confusion.
 P - a cursed +3 ring of protection {unknown}
 S - a cursed ring of attention {unknown}
 V - a +4 amulet of reflection {unknown}
 W - an uncursed ring of magical power {unknown}
Wands
 c - a wand of iceblast (19)
 y - a wand of acid (16)
 A - a wand of paralysis (7)
 Q - a wand of polymorph (11)
 R - a wand of scattershot (2)
Scrolls
 i - 4 scrolls of teleportation
 p - 4 scrolls of remove curse
 H - a scroll of fear
 I - 2 scrolls of magic mapping
 N - a scroll of amnesia {unknown}
 T - a scroll of blinking {unknown}
 U - a scroll of identify
 X - a scroll of summoning {unknown}
Potions
 f - a potion of resistance {unknown}
 g - 5 potions of cancellation
 h - 10 potions of curing
 j - 2 potions of brilliance {unknown}
 m - 3 potions of haste
 o - a potion of degeneration {unknown}
 q - 5 potions of flight
 r - 3 potions of might {unknown}
 v - a potion of invisibility
 w - 2 potions of lignification {unknown}
 x - a potion of ambrosia {unknown}
 B - a potion of mutation {unknown}
 F - a potion of agility {unknown}
Miscellaneous
 e - a crystal ball of energy
 O - 2 boxes of beasts
Comestibles
 k - 16 rations


   Skills:
 + Level 12.0 Fighting
 - Level 1.7 Dodging
 - Level 1.7 Stealth
 + Level 10.5 Spellcasting
 + Level 10.3 Conjurations
 + Level 3.8 Summonings
 - Level 3.2 Ice Magic
 - Level 2.6 Evocations


You had 13 spell levels left.
You knew the following spells:

 Your Spells              Type           Power        Failure   Level  Hunger
a - Magic Dart            Conj           ####         1%          1    None
b - Searing Ray           Conj           #####.       1%          2    None
c - Shock                 Conj/Air       ###.         1%          1    None
d - Freeze                Ice            ###.         1%          1    None
e - Conjure Flame         Conj/Fire      ###.....     1%          3    None
f - Bolt of Draining      Conj/Necr      ###.......   9%          5    None
g - Call Imp              Summ           ###.....     2%          2    None
h - Summon Guardian Gole  Hex/Summ       ##......     12%         3    None

Your spell library contained the following spells:

 Spells                   Type           Power        Failure   Level  Hunger
 Ignite Poison            Fire/Tmut/Pois #.......     8%          3    None
 Summon Small Mammal      Summ           ###.         1%          1    None
 Dazzling Spray           Conj/Hex       ###...       1%          3    None
 Iskenderun's Mystic Bla  Conj           #####...     1%          4    None
 Force Lance              Conj/Tloc      ###.....     3%          4    None
 Fulminant Prism          Conj/Hex       ###.......   3%          4    None
 Call Canine Familiar     Summ           ###.....     5%          3    None
 Corpse Rot               Necr           N/A          14%         2    None
 Sublimation of Blood     Necr           #.........   14%         2    None
 Summon Ice Beast         Ice/Summ       ###.....     22%         4    None
 Summon Lightning Spire   Summ/Air       ##......     38%         4    None
 Poison Arrow             Conj/Pois      ###.......   38%         6    None
 Agony                    Necr           #.......     95%         5    None
 Dispel Undead            Necr           #.......     95%         5    None
 Excruciating Wounds      Chrm/Necr      #.........   95%         5    None
 Chain Lightning          Conj/Air       ###.......   100%        8    None
 Lehudib's Crystal Spear  Conj/Erth      ###.......   100%        8    None
 Fire Storm               Conj/Fire      ###.......   100%        9    None
 Glaciate                 Conj/Ice       ####......   100%        9    None


Dungeon Overview and Level Annotations

Branches:
Dungeon (12/15)            Temple (1/1) D:4            Lair (1/6) D:9
    Orc (0/2) D:10        Ossuary (visited)

Altars:
Ashenzari
Cheibriados
Dithmenos
Elyvilon
Fedhas
Gozag
Hepliaklqana
Kikubaaqudgha
Makhleb
Nemelex Xobeh
Okawaru
Qazlal
Ru
Sif Muna
Trog
Uskayaw
Vehumet
Wu Jian
Xom
Yredelemnul
Zin
The Shining One

Shops:
D:11 ?

Annotations:
Lair:1 Grum


Innate Abilities, Weirdness & Mutations

You can breathe blasts of scalding, opaque steam.
Your pale cyan-grey scales are hard. (AC +7)
You cannot fit into any form of body armour.
You are cold-blooded and may be slowed by cold attacks.


Message History

The searing ray hits the wolf.
The wolf is severely wounded.
The wolf bites you!
* * * LOW HITPOINT WARNING * * *
The wolf bites you but does no damage. The wolf bites you!
* * * LOW HITPOINT WARNING * * *
The searing ray misses the wolf.
The wolf barely misses you. The wolf bites you.
* * * LOW HITPOINT WARNING * * *
The wolf closely misses you. The wolf bites you but does no damage.
The searing ray hits the wolf.
The wolf is almost dead.
You finish channeling your searing ray.
The wolf bites you.
* * * LOW HITPOINT WARNING * * *
The wolf bites you.
* * * LOW HITPOINT WARNING * * *
The wolf bites you but does no damage.
As you read the scroll of teleportation, it crumbles to dust.
You feel strangely unstable. The wolf bites you!
You die...

#.#......# #.##########.######
#........####.#................
##..................##..##..###
####...........###......<........
............#...≈...#...>##.#..##
#####......#..#...#..#....[.....#
#.######.##PPP##.#####.......
#.##...#...PPP...#.#........#
#..#.###≈..P@P..≈#.#.###....#
##.#.# #...Phh...#.#.#.......
#...# #.##...##.#.#.....#.#.
##..###..#...#..#.####.#..#.
#.....#...≈...#..# #....#.
#........###.....#########.
#.....................)o...
#............##############
#..........................


You could see 2 wolves.

Vanquished Creatures
  The ghost of ThereIsNoGod the Grappler, a journeyman DrTm of Uskayaw (D:11)
  Harold (D:8)
  Erica (D:11)
  2 two-headed ogres
  Nergalle (D:11)
  Pikel (D:7)
  Maurice (D:9)
  A hornet (D:11)
  A troll (D:11)
  3 hippogriffs
  A wraith (D:11)
  10 yaks
  4 hogs (D:11)
  A human (D:11)
  3 hungry ghosts
  2 steam dragons
  Menkaure (D:7)
  A vampire mosquito (D:8)
  An acid dragon (D:8)
  A water moccasin (Lair:1)
  A hornet zombie (D:9)
  A black bear (D:10)
  An ice beast (D:9)
  A slave (D:7)
  3 eyes of draining
  9 ogres
  5 orc warriors
  A sky beast (D:8)
  A necrophage (D:11)
  A wolf (Lair:1)
  2 centaurs
  A big kobold (D:10)
  4 bullfrogs
  5 scorpions
  5 killer bees (D:8)
  5 howler monkeys
  A crimson imp (D:6)
  A quasit (D:11)
  6 hounds
  2 bullfrog skeletons
  3 jellies
  7 orc priests
  3 centaur skeletons
  2 gnoll shamans (D:6)
  2 iguanas
  10 orc wizards
  12 worker ants
  5 big kobold zombies (Ossuary)
  A hound zombie (D:5)
  3 hound skeletons
  2 mummies (Ossuary)
  A worker ant zombie (D:10)
  A howler monkey zombie (D:8)
  13 gnolls
  7 adders
  4 shadow imps
  2 oozes (D:4)
  4 adder zombies
  2 adder skeletons
  4 worms
  2 dart slugs
  8 leopard geckos
  38 orcs
  A ball python (D:1)
  3 giant cockroaches
  A gnoll zombie (Ossuary)
  8 goblins
  8 hobgoblins
  20 jackals
  6 quokkas
  12 bats
  6 frilled lizards
  3 hobgoblin zombies (Ossuary)
  A jackal skeleton (D:5)
  11 kobolds
  2 kobold zombies (Ossuary)
  A leopard gecko skeleton (D:5)
  9 orc zombies (Ossuary)
  A quokka zombie (D:7)
  2 rats
325 creatures vanquished.

Vanquished Creatures (collateral kills)
  A troll (D:11)
  A hippogriff (D:11)
  A bush (Lair:1)
3 creatures vanquished.

Vanquished Creatures (others)
  A leopard gecko (D:8)
  4 toadstools (D:1)
5 creatures vanquished.

Grand Total: 333 creatures vanquished

Notes
Turn   | Place    | Note
-------+----------+-------------------------------------------
     0 | D:1      | MJtheKandyman the Draconian Conjurer began the quest for
                  | the Orb.
     0 | D:1      | Reached XP level 1. HP: 14/14 MP: 3/3
   444 | D:1      | Reached skill level 1 in Fighting
   444 | D:1      | Reached XP level 2. HP: 23/23 MP: 1/5
   617 | D:1      | Learned a level 2 spell: Searing Ray
  1697 | D:1      | Reached XP level 3. HP: 28/28 MP: 3/6
  1915 | D:2      | Found a shattered altar of Ashenzari.
  2355 | D:2      | Found a faded altar of an unknown god.
  3105 | D:3      | Reached skill level 2 in Fighting
  3550 | D:3      | Reached XP level 4. HP: 36/36 MP: 5/8
  4216 | D:3      | Reached XP level 5. HP: 22/44 MP: 3/9
  4663 | D:4      | Reached skill level 3 in Fighting
  4663 | D:4      | Reached skill level 5 in Conjurations
  4804 | D:4      | Reached XP level 6. HP: 44/51 MP: 1/11
  5303 | D:4      | Reached skill level 4 in Fighting
  5583 | D:4      | Found a staircase to the Ecumenical Temple.
  5598 | Temple   | Entered the Ecumenical Temple
  5855 | Temple   | Became a worshipper of Vehumet
  5953 | D:4      | Your scales start taking on a pale cyan-grey colour.
  5953 | D:4      | Reached XP level 7. HP: 39/60 MP: 3/13
  6432 | D:5      | Entered Level 5 of the Dungeon
  6439 | D:4      | Reached skill level 5 in Fighting
  6554 | D:5      | Found a sand-covered staircase.
  6559 | Ossuary  | Entered an ossuary
  6840 | Ossuary  | Reached * piety under Vehumet
  6840 | Ossuary  | Offered knowledge of Shock by Vehumet.
  6847 | Ossuary  | Reached skill level 5 in Spellcasting
  6858 | Ossuary  | Learned a level 1 spell: Shock
  7662 | D:5      | Reached skill level 6 in Fighting
  7797 | D:5      | Reached XP level 8. HP: 61/70 MP: 4/16
  8056 | D:5      | Found the cursed necklace of Bloodlust {*Rage +Rage MR++
                  | Int-3 Slay+6 *Curse}
  8798 | D:6      | Reached skill level 1 in Evocations
  9444 | D:6      | Offered knowledge of Freeze by Vehumet.
  9444 | D:6      | Reached skill level 7 in Fighting
  9447 | D:6      | Learned a level 1 spell: Freeze
  9997 | D:6      | Reached ** piety under Vehumet
  9997 | D:6      | Reached skill level 1 in Ice Magic
 11016 | D:7      | Noticed Pikel
 11032 | D:7      | Killed Pikel
 11032 | D:7      | Reached skill level 8 in Fighting
 11032 | D:7      | Reached XP level 9. HP: 43/81 MP: 2/19
 11608 | D:7      | Noticed Menkaure
 11612 | D:7      | Killed Menkaure
 12139 | D:8      | Found a burning altar of Makhleb.
 12139 | D:8      | Noticed Harold
 12165 | D:8      | Killed Harold
 12165 | D:8      | Reached skill level 9 in Fighting
 12752 | D:8      | Offered knowledge of Conjure Flame by Vehumet.
 12757 | D:8      | Learned a level 3 spell: Conjure Flame
 13200 | D:8      | Reached XP level 10. HP: 84/91 MP: 13/22
 13491 | D:8      | Reached *** piety under Vehumet
 14034 | D:8      | Found an ancient bone altar of Kikubaaqudgha.
 14034 | D:8      | Found a basalt altar of Yredelemnul.
 14041 | D:8      | Found a snail-covered altar of Cheibriados.
 14041 | D:8      | Found a white marble altar of Elyvilon.
 14246 | D:8      | Found the amulet of the Four Winds {rN+ MR+++ Clar}
 14504 | D:9      | Reached skill level 10 in Fighting
 14915 | D:9      | Found a staircase to the Lair.
 14930 | D:9      | Offered knowledge of Static Discharge by Vehumet.
 15783 | D:9      | Found a stormy altar of Qazlal.
 16092 | D:9      | Noticed Maurice
 16110 | D:9      | Killed Maurice
 16647 | D:10     | Entered Level 10 of the Dungeon
 16944 | D:10     | Noticed a two-headed ogre
 16951 | D:10     | Killed a two-headed ogre
 16953 | D:10     | Reached **** piety under Vehumet
 17205 | D:10     | Offered knowledge of Ignite Poison by Vehumet.
 17387 | D:10     | Reached XP level 11. HP: 81/101 MP: 10/24
 17394 | D:10     | Reached skill level 11 in Fighting
 18440 | D:10     | Found a staircase to the Orcish Mines.
 18493 | D:10     | Learned a level 5 spell: Bolt of Draining
 18686 | D:11     | Found the +7 mace of Variability {chain chaos}
 18750 | D:11     | Learned a level 2 spell: Call Imp
 18985 | D:11     | Noticed a two-headed ogre
 19332 | D:11     | Reached skill level 10 in Spellcasting
 19332 | D:11     | Reached skill level 1 in Summonings
 20052 | D:11     | Found Xyason's Magic Scroll Emporium.
 20448 | D:11     | Found a runed translucent door.
 20451 | D:11     | Noticed Erica
 20469 | D:11     | Killed Erica
 20469 | D:11     | Reached skill level 10 in Conjurations
 20824 | D:11     | Noticed ThereIsNoGod's ghost (journeyman DrTm)
 20879 | D:11     | Learned a level 3 spell: Summon Guardian Golem
 21281 | D:11     | Killed a two-headed ogre
 21708 | D:11     | Noticed Nergalle
 21714 | D:11     | Killed Nergalle
 21915 | D:11     | Killed ThereIsNoGod's ghost
 21915 | D:11     | Reached skill level 12 in Fighting
 22808 | Lair:1   | Entered Level 1 of the Lair of Beasts
 23038 | Lair:1   | Noticed Grum
 23071 | D:9      | HP: 5/104 [wolf[Grum] (4)]
 23072 | D:9      | Slain by a wolf

Levels and vault maps discovered:
D:1:      ldierk_walled_garden_2, layout_loops_ring
D:2:      layout_basic, lemuel_crystal_altar, chequers_ecumenical_altar_twisty,
          first_ration
D:3:      layout_loops_ring
D:4:      layout_rooms, minmay_temple_entry_mini_moons, minmay_circle_x
D:5:      layout_loops_ring, nicolae_ossuary_entry_monument,
          kennysheep_generic_room_14
D:6:      layout_basic, hex_large
D:7:      layout_basic, uniq_menkaure, uniq_pikel
D:8:      minmay_the_grid_octo_2x2 [minmay_the_grid_octo_teeth,
          minmay_the_grid_octo_vomiting_pacman, minmay_the_grid_octo_fan_narrow,
          minmay_the_grid_octo_prize_single_spiral], layout_rooms,
          grunt_temple_overflow_cloverleaf, uniq_harold
D:9:      layout_basic, grunt_qazlal_sundering, dpeg_oklobed_lair, uniq_maurice
D:10:     layout_roguey, orc_0_dummy
D:11:     layout_irregular_city, ebering_ghost_reflecting_pool, serial_shops,
          shop_fountains, grunt_livestock, uniq_erica, uniq_nergalle
D:12:     layout_basic, portal_ice_cave_demonic_guard, uniq_fannar, uniq_snorg
Temple:   nicolae_temple_elliptical
Lair:1:   layout_gridlike, fungi_pond_lemuel, uniq_joseph, uniq_grum, uniq_urug

Skill      XL: |  1  2  3  4  5  6  7  8  9 10 11 |
---------------+----------------------------------+-----
Fighting       | 1 2 3 4 6 8 9 10 12 | 12.0
Spellcasting   | 3 4 5 7 8 9 10 | 10.5
Conjurations   | 5 7 9 10 | 10.3
Evocations     | 2 |  2.6
Ice Magic      | 3 |  3.2
Summonings     | 3 |  3.8
Dodging        | |  1.7
Stealth        | |  1.7

Action                   |  1- 3 |  4- 6 |  7- 9 | 10-12 || total
-------------------------+-------+-------+-------+-------++-------
Melee: Unarmed           |     2 |       |       |       ||     2
       Staff             |       |       |     6 |    23 ||    29
       Tailslap          |       |       |       |     7 ||     7
 Fire: Hunting sling     |     8 |    28 |    15 |       ||    51
Throw: Stone             |     6 |       |    11 |    15 ||    32
       Dart              |       |       |     2 |       ||     2
 Cast: Magic Dart        |    49 |    26 |    73 |    44 ||   192
       Searing Ray       |    15 |    21 |    88 |   151 ||   275
       Shock             |       |       |    40 |    16 ||    56
       Conjure Flame     |       |       |     1 |    43 ||    44
       Call Imp          |       |       |       |    16 ||    16
       Summon Guardian G |       |       |       |     4 ||     4
 Abil: Breathe Steam     |       |       |     7 |       ||     7
Evoke: Staff of energy   |       |       |     8 |     7 ||    15
       Crystal ball of e |       |       |       |     5 ||     5
  Use: Scroll            |       |       |    11 |     3 ||    14
       Potion            |       |       |     2 |     3 ||     5
  Eat: Chunk             |     9 |     6 |    13 |    14 ||    42
       Ration            |       |     1 |     3 |     6 ||    10
Armor: Skin              |    15 |    11 |    38 |    79 ||   143
Dodge: Dodged            |    39 |    26 |    97 |   172 ||   334
